 Dungeon Crawl Stone Soup version 0.29-a0-11-ga75d3d97ab (webtiles) character file.

Game seed: 6509224725439021645

14 esteth the Vexing (level 2, -3/20 HPs)
             Began as a Gnoll Wanderer on Jan 28, 2022.
             Was a Follower of Wu Jian.
             Slain by a hobgoblin (4 damage)
             ... on level 1 of the Dungeon.
             The game lasted 00:01:10 (1053 turns).

esteth the Vexing (Gnoll Wanderer)                  Turns: 1053, Time: 00:01:11

Health: -3/20      AC:  7    Str: 10    XL:     2   Next: 45%
Magic:  5/5        EV:  9    Int: 15    God:    Wu Jian [*.....]
Gold:   37         SH:  0    Dex:  8    Spells: 6/6 levels left

rFire   . . .      SeeInvis .   a - +0 club
rCold   . . .      Faith    .   (no shield)
rNeg    . . .      Spirit   .   c - +0 scale mail
rPois   .          Reflect  .   (no helmet)
rElec   .          Harm     .   (no cloak)
rCorr   .          Rampage  .   (no gloves)
Will    .....                   (no boots)
Stlth   ..........              (no amulet)
HPRegen 0.06/turn               (no ring)
MPRegen 0.09/turn               (no ring)

@: no status effects
A: fangs 1, strong nose, distributed training
a: Renounce Religion


You were on level 1 of the Dungeon.
You worshipped Wu Jian.
Wu Jian was aware of your devotion.
You visited 1 branch of the dungeon, and saw 1 of its levels.

You collected 37 gold pieces.

Inventory:

Hand Weapons
 a - a +0 club (weapon)
Missiles
 b - 80 stones (quivered)
Armour
 c - a +0 scale mail (worn)
Scrolls
 d - a scroll of brand weapon {unknown}


   Skills:
 + Level 0.4 Fighting
 + Level 0.4 Short Blades
 + Level 0.4 Long Blades
 + Level 0.4 Axes
 + Level 0.4 Maces & Flails
 + Level 0.4 Polearms
 + Level 0.4 Staves
 + Level 0.4 Slings
 + Level 0.4 Bows
 + Level 0.4 Crossbows
 + Level 0.4 Throwing
 + Level 4.5 Armour
 + Level 2.5 Dodging
 + Level 0.4 Stealth
 + Level 0.4 Shields
 + Level 0.4 Unarmed Combat
 + Level 2.7 Spellcasting
 + Level 0.2 Conjurations
 + Level 7.0 Hexes
 + Level 0.2 Summonings
 + Level 0.2 Necromancy
 + Level 0.2 Translocations
 + Level 0.2 Transmutations
 + Level 0.2 Fire Magic
 + Level 0.2 Ice Magic
 + Level 0.2 Air Magic
 + Level 3.7 Earth Magic
 + Level 0.2 Poison Magic
 + Level 0.5 Invocations
 + Level 0.4 Evocations


You had 6 spell levels left.
You didn't know any spells.
Your spell library contained the following spells:

 Spells                   Type           Power      Damage    Failure   Level
 Slow                     Hex            92%        N/A       7%          1
 Sandblast                Erth           26%        2d8       26%         1
 Portal Projectile        Hex/Tloc       26%        N/A       63%         3
 Leda's Liquefaction      Hex/Erth       9%         N/A       80%         4
 Stone Arrow              Conj/Erth      16%        3d8       85%         3


Dungeon Overview and Level Annotations

Branches:
Dungeon (1/15)

Altars:
Wu Jian


Innate Abilities, Weirdness & Mutations

You have very sharp teeth.
Your uncanny sense of smell can sniff out nearby items.
Your experience applies equally to all skills.


Message History

The hobgoblin closely misses you.
The hobgoblin hits you but does no damage.
The hobgoblin barely misses you.
The hobgoblin hits you but does no damage.
The hobgoblin hits you. The hobgoblin hits you.
The hobgoblin closely misses you. The hobgoblin barely misses you.
The hobgoblin hits you but does no damage.
The hobgoblin barely misses you. The hobgoblin hits you.
The hobgoblin hits you but does no damage.
The hobgoblin hits you but does no damage.
The hobgoblin hits you.
The hobgoblin hits you but does no damage.
The hobgoblin closely misses you.
The hobgoblin hits you but does no damage.
The hobgoblin completely misses you. The hobgoblin hits you.
The hobgoblin barely misses you. The hobgoblin hits you.
* * * LOW HITPOINT WARNING * * *
The hobgoblin barely misses you.
The hobgoblin hits you but does no damage.
The hobgoblin hits you.
* * * LOW HITPOINT WARNING * * *
The hobgoblin hits you but does no damage.
The hobgoblin barely misses you.
The hobgoblin hits you but does no damage.
The hobgoblin hits you but does no damage.
The hobgoblin hits you.
* * * LOW HITPOINT WARNING * * *
The hobgoblin barely misses you. The hobgoblin hits you.
* * * LOW HITPOINT WARNING * * *
The hobgoblin hits you but does no damage.
The hobgoblin closely misses you. The hobgoblin barely misses you.
The hobgoblin hits you.
You die...

###........#...#
###........#...##
.....##.........#
###.............#
.##..##.#.....#.#
.##...#.#.....#.#
.##.#.#.......#.#
###...#.......#.#####...
'...............@†......
###...........#.g.......
# #.##.#......#.........
# #.##.#......#.........
# #.........#.#.........
# ####......#.#.........
######......#.#.........
............#.#)........
............#.#...


You could see a hobgoblin.

Vanquished Creatures
  A dart slug (D:1)
  2 endoplasms (D:1)
  A giant cockroach (D:1)
  A hobgoblin (D:1)
  3 ball pythons (D:1)
  2 bats (D:1)
  2 rats (D:1)
12 creatures vanquished.

Notes
Turn   | Place    | Note
-------+----------+-------------------------------------------
     0 | D:1      | esteth the Gnoll Wanderer began the quest for the Orb.
     0 | D:1      | esteth set off with the following items: a +0 club, 28
                  | stones, a +0 scale mail; and the following spells available
                  | to memorise: Slow, Sandblast, Portal Projectile, Leda's
                  | Liquefaction, Stone Arrow
     0 | D:1      | Reached XP level 1. HP: 13/13 MP: 4/4
   521 | D:1      | Found a faded altar of an unknown god.
   577 | D:1      | Prayed at the altar of an unknown god.
   577 | D:1      | Became a worshipper of the Wu Jian Council
   577 | D:1      | Reached * piety under Wu Jian
   683 | D:1      | Reached XP level 2. HP: 14/19 MP: 5/5
  1049 | D:1      | HP: 1/20 [hobgoblin (1)]
  1053 | D:1      | Slain by a hobgoblin

Illustrated notes

Levels and vault maps discovered:
D:1:      sevenhm_arrival_forest_fort_small_4, layout_basic,
          chequers_ecumenical_altar_lobes

Action                   || total
-------------------------++-------
Melee: Club              ||    60
       Bite              ||     4
Invok: Whirlwind         ||    11
Armor: Scale mail        ||    50
Dodge: Dodged            ||    50

Table legend: (Time is in decaauts)
 A = Elapsed time spent in this place.
 B = Non-inter-level travel time spent in this place.
 C = Inter-level travel time spent in this place.
 D = Time resting spent in this place.
 E = Time spent auto-exploring this place.
 F = Levels seen in this place.
 G = Mean time per level.
                   A        B        C        D        E       F      G
               +--------+--------+--------+--------+--------+-----+--------+
         Total |   1069 |   1052 |     17 |    205 |    688 |   1 | 1069.0 |
       Dungeon |   1069 |   1052 |     17 |    205 |    688 |   1 | 1069.0 |
               +--------+--------+--------+--------+--------+-----+--------+

Top non-repeatable levels by time:
     D:1: 1069 daAuts
